AoeStats
← Я не понимаю

Fortress

510134759Analyzed
4v4 RM · 4d ago on Sep 29, 2026· 43m 31s· 8 players
Game mode
Random Map
Map size
Huge
Population
200
Speed
Normal
Resources
Standard
Victory
Conquest
Starting age
Dark Age
Ending age
Imperial Age
RankedLock teamsTeams togetherTeam positionsShared explorationLock speedFull tech treeHidden civsTurbo modeCheats
Victory
Defeat
🇹🇷 Turks · Türkiye
936
+17
🇦🇷 Italians · Argentina
918
+18
🇮🇳 Japanese · India
906
+18
🇪🇸 Saxons · Spain
856
+21
🇳🇮 Khmer · Nicaragua
978
-19
🇨🇴 Inca · Colombia
970
-19
🇩🇪 Koreans · Germany
946
-18
🇬🇧 Franks · United Kingdom
943
-18
Suco
7:58 Feudal Age
6:41 Loom
9:27 Double-Bit Axe
9:26 Horse Collar
12:57 Castle Age
17:51 Heavy Plow
21:03 Wheelbarrow
20:57 Bow Saw
21:45 Town Watch
21:41 Elite Skirmisher
22:50 Gold Mining
22:55 Stone Mining
27:30 Imperial Age
25:59 Pikeman
26:44 Squires
26:33 Gambesons
27:01 Masonry
26:49 Murder Holes
27:05 Fortified Wall
27:16 Ballistics
28:43 Conscription
28:33 Fletching
30:46 Chemistry
30:02 Forging
29:53 Scale Mail Armor
31:08 Architecture
33:03 Two-Man Saw
31:36 Halberdier
33:01 Hand Cart
34:50 Crop Rotation
34:44 Shield Wall
37:05 Gold Shaft Mining
37:41 Iron Casting
37:22 Chain Mail Armor
36:48 Man-at-Arms
37:58 Elite Hearth Troop
38:47 Caravan
39:53 Long Swordsman
40:26 Two-Handed Swordsman
41:03 Champion
42:50 Plate Mail Armor
Sole
0:28 Loom
7:54 Feudal Age
11:15 Double-Bit Axe
13:37 Castle Age
12:30 Stone Mining
12:24 Horse Collar
13:33 Gold Mining
17:20 Wheelbarrow
19:53 Fervor
21:57 Hand Cart
22:41 Fletching
25:08 Bodkin Arrow
30:31 Imperial Age
28:30 Caravan
29:48 Heavy Plow
30:52 Murder Holes
31:18 Ballistics
31:09 Masonry
31:10 Fortified Wall
30:44 Treadmill Crane
32:05 Conscription
32:12 Bow Saw
32:52 Husbandry
33:02 Bloodlines
35:12 Gold Shaft Mining
34:57 Forging
35:02 Scale Barding Armor
35:21 Padded Archer Armor
37:12 Elite Janissary
39:25 Artillery
43:06 Bracer
43:42 Iron Casting
43:37 Chain Barding Armor
43:33 Leather Archer Armor
SYNC
0:56 Loom
10:40 Feudal Age
12:23 Horse Collar
12:32 Double-Bit Axe
16:26 Castle Age
15:04 Gold Mining
19:44 Wheelbarrow
20:00 Bow Saw
19:53 Heavy Plow
22:54 Stone Mining
24:12 Gold Shaft Mining
25:12 Hand Cart
25:20 Hand Cart
29:06 Thumb Ring
28:22 Elite Skirmisher
31:50 Imperial Age
31:48 Thumb Ring
31:04 Elite Skirmisher
32:03 Scale Mail Armor
32:13 Forging
32:03 Padded Archer Armor
31:53 Fletching
32:45 Ballistics
32:35 Fortified Wall
33:35 Conscription
34:37 Chemistry
33:21 Elite Samurai
34:47 Chain Mail Armor
35:07 Iron Casting
35:29 Leather Archer Armor
35:09 Bodkin Arrow
36:53 Bodkin Arrow
37:28 Plate Mail Armor
37:59 Blast Furnace
37:40 Kataparuto
38:58 Blast Furnace
38:29 Ring Archer Armor
38:38 Hoardings
42:14 Bracer
GUISO DE LENTEJAS
7:21 Feudal Age
8:06 Double-Bit Axe
11:42 Castle Age
10:48 Horse Collar
14:23 Wheelbarrow
14:41 Bow Saw
19:44 Hand Cart
24:04 Loom
24:46 Ballistics
25:08 Fletching
25:19 Padded Archer Armor
26:09 Bodkin Arrow
26:32 Gold Mining
27:08 Leather Archer Armor
27:21 Heavy Plow
29:14 Scale Barding Armor
29:23 Bloodlines
28:33 Light Cavalry
30:36 Chain Barding Armor
34:33 Imperial Age
35:12 Elite Genoese Crossbowman
35:58 Bracer
36:29 Ring Archer Armor
39:10 Crop Rotation
41:56 Hussar
blankityblanko
5:23 Loom
7:44 Feudal Age
12:16 Castle Age
10:46 Double-Bit Axe
13:15 Bow Saw
19:57 Loom
21:08 Gold Mining
23:16 Town Watch
27:52 Imperial Age
26:00 Husbandry
26:31 Scale Barding Armor
26:37 Forging
26:19 Fletching
29:30 Gold Shaft Mining
28:46 Stone Mining
29:36 Wheelbarrow
29:02 Town Patrol
30:56 Hoardings
32:35 Caravan
33:48 Cavalier
35:10 Bodkin Arrow
35:34 Fortified Wall
37:08 Scale Mail Armor
37:43 Iron Casting
40:19 Chain Barding Armor
41:00 Blast Furnace
40:05 Elite Throwing Axeman
Я не понимаю
7:21 Feudal Age
8:59 Double-Bit Axe
12:16 Castle Age
10:06 Horse Collar
10:53 Stone Mining
13:09 Wheelbarrow
13:41 Wheelbarrow
13:43 Bow Saw
14:31 Heavy Plow
18:16 Gold Mining
20:49 Stone Shaft Mining
20:55 Hand Cart
24:11 Gold Shaft Mining
27:18 Imperial Age
24:47 Pikeman
25:27 Squires
25:14 Arson
27:29 Scale Mail Armor
27:39 Forging
27:22 Fletching
27:39 Scale Barding Armor
27:30 Halberdier
29:24 Caravan
31:12 Two-Man Saw
30:38 Chain Mail Armor
30:59 Iron Casting
30:20 Bodkin Arrow
30:46 Chain Barding Armor
31:26 Ballistics
32:07 Chemistry
31:32 Elite War Wagon
33:52 Plate Mail Armor
34:48 Crossbowman
35:35 Thumb Ring
36:20 Arbalester
43:20 Bracer
kavobi
8:35 Loom
10:24 Feudal Age
11:20 Double-Bit Axe
11:18 Horse Collar
16:29 Castle Age
14:29 Stone Mining
23:59 Bow Saw
27:47 Imperial Age
25:33 Squires
25:18 Arson
26:45 Wheelbarrow
26:51 Heavy Plow
28:14 Forging
28:05 Scale Mail Armor
28:25 Hand Cart
28:03 Town Watch
29:04 Fabric Shields
30:29 Conscription
30:26 Elite Kamayuk
31:02 Gold Mining
31:41 Town Patrol
32:50 Crop Rotation
32:58 Gold Shaft Mining
33:02 Stone Shaft Mining
33:04 Iron Casting
32:44 Chain Mail Armor
34:04 Caravan
35:20 Chemistry
34:41 Ballistics
34:26 Siege Engineers
35:37 Blast Furnace
36:28 Murder Holes
40:27 Treadmill Crane
40:58 Fortified Wall
41:52 Andean Sling
42:07 Fletching
42:47 Plate Mail Armor
42:21 Padded Archer Armor
42:19 Elite Skirmisher
43:05 Thumb Ring
Nic94-Necrophos-Papo
8:25 Feudal Age
8:16 Loom
9:05 Double-Bit Axe
9:03 Horse Collar
12:05 Gold Mining
14:41 Castle Age
15:12 Crossbowman
20:02 Fletching
22:42 Wheelbarrow
29:02 Imperial Age
26:59 Hand Cart
28:53 Bloodlines
28:45 Husbandry
28:44 Town Watch
29:16 Heavy Plow
29:30 Bow Saw
30:12 Conscription
31:43 Elite Skirmisher
32:45 Cavalier
33:33 Padded Archer Armor
35:37 Chemistry
Connection lost

Rejoining the realm…

Still unreachable

The connection could not be restored.

Session expired

The server has moved on; the page needs a fresh start.